 Dungeon Crawl Stone Soup version 0.18.1-8-gdd0e5ea (webtiles) character file.

268 georgeearnest the Shield-Bearer (level 6, -1/48 HPs)
             Began as a Formicid Fighter on June 5, 2016.
             Killed from afar by an orc wizard (3 damage)
             ... with a magic dart
             ... on level 4 of the Dungeon on June 6, 2016.
             The game lasted 00:05:07 (2784 turns).

georgeearnest the Shield-Bearer (Formicid Fighter)  Turns: 2784, Time: 00:05:08

Health: -1/48      AC:  7    Str: 27    XL:     6   Next: 45%
Magic:  6/6        EV:  9    Int:  7    God:
Gold:   157        SH: 10    Dex: 11    Spells: 0 memorised, 5 levels left

rFire  . . .     SeeInvis +     a - +0 long sword
rCold  . . .     Gourm    .     b - +0 scale mail
rNeg   . . .     Faith    .     c - +0 shield
rPois  .         Spirit   .     (helmet unavailable)
rElec  .         Dismiss  .     (no cloak)
rCorr  .         Reflect  .     (no gloves)
SustAt .         Harm     .     (no boots)
MR     .....                    (no amulet)
Stlth  ..........               (no ring)
                                (no ring)

@: mighty, not resistant to hostile enchantments, extremely unstealthy
A: permanent stasis, dig shafts and tunnels, four strong arms, antennae 3
a: Dig, Shaft Self


You were on level 4 of the Dungeon.
You were not hungry.

You visited 1 branch of the dungeon, and saw 4 of its levels.

You collected 157 gold pieces.

Inventory:

Hand Weapons
 a - a +0 long sword (weapon)
Armour
 b - a +0 scale mail (worn)
 c - a +0 shield (worn)
Jewellery
 p - an uncursed ring of protection from fire {unknown}
Scrolls
 g - 2 scrolls of remove curse {unknown}
 j - 4 scrolls of identify {unknown}
 k - a scroll of fear {unknown}
 l - a scroll of recharging {unknown}
 r - a scroll of magic mapping {unknown}
 u - a scroll of enchant weapon {unknown}
 v - a scroll of blinking {unknown}
Potions
 e - 2 potions of resistance {unknown}
 h - 3 potions of brilliance {unknown}
 i - a potion of cure mutation {unknown}
 n - a potion of invisibility {unknown}
 q - a potion of flight {unknown}
 t - a potion of degeneration {unknown}
 w - a potion of cancellation {unknown}
Comestibles
 f - 2 bread rations
 m - a slice of pizza
 o - 5 fruits
 s - 2 meat rations


   Skills:
 + Level 4.1 Fighting
 + Level 2.9 Long Blades
 + Level 4.3 Armour
 + Level 2.5 Dodging
 + Level 0.3 Stealth
 + Level 5.0 Shields


You had 5 spell levels left.
You didn't know any spells.

Dungeon Overview and Level Annotations

Branches:
Dungeon (4/15)
 Temple: D:4-7

Altars:
Elyvilon
Kikubaaqudgha
Yredelemnul
Zin
The Shining One


Innate Abilities, Weirdness & Mutations

You are under a permanent stasis effect.
You can dig through walls and to a lower floor.
Your four strong arms can wield two-handed weapons with a shield.
You have a pair of large antennae on your head (SInv).


Message History

The orc wizard hits you but does no damage.
The orc wizard gestures wildly while chanting.
The orc wizard blinks!
You closely miss the orc wizard.
The orc wizard is heavily wounded.
The orc wizard points at you and mumbles some strange words.
The magic dart hits you!
* * * LOW HITPOINT WARNING * * *
You block the orc wizard's attack.
You hit the orc wizard but do no damage.
The orc wizard is heavily wounded.
The orc wizard closely misses you.
The orc wizard gestures at you while chanting.
The magic dart hits you!
* * * LOW HITPOINT WARNING * * *
Drink which item? (? for menu, Esc to quit)
You feel very mighty all of a sudden. The orc wizard casts a spell at you.
The magic dart hits you!
You die...

#.# .....
#.######l. ...###
#......... .>...
#..#########..#####
#<....o...†........
#.##########.######
#.# .#
##.##########.#
#...@o........#
###############


You could see an orc wizard.

Vanquished Creatures
  An orc wizard (D:4)
  A hound (D:4)
  Natasha (twice) (D:2)
  Terence (D:2)
  A worker ant (D:4)
  A gnoll (D:1)
  2 adders
  An ooze (D:1)
  2 worms (D:3)
  A dart slug (D:2)
  3 giant geckos
  9 orcs
  10 bats
  A giant cockroach (D:3)
  5 goblins
  6 hobgoblins
  6 jackals
  A giant gecko skeleton (D:4)
  4 giant newts
  8 kobolds
  7 rats
73 creatures vanquished.

Vanquished Creatures (others)
  A withered plant (D:3)
1 creature vanquished.

Grand Total: 74 creatures vanquished

Notes
Turn   | Place    | Note
--------------------------------------------------------------
     0 | D:1      | georgeearnest the Formicid Fighter began the quest for the Orb.
     0 | D:1      | Reached XP level 1. HP: 18/18 MP: 1/1
   306 | D:1      | Reached XP level 2. HP: 17/24 MP: 2/2
   447 | D:1      | Reached skill level 4 in Shields
   498 | D:1      | Reached XP level 3. HP: 29/29 MP: 3/3
   960 | D:2      | Noticed Natasha
   982 | D:2      | Killed Natasha
   982 | D:2      | Reached skill level 1 in Dodging
   982 | D:2      | Reached XP level 4. HP: 13/37 MP: 4/4
  1179 | D:2      | Found a basalt altar of Yredelemnul.
  1227 | D:2      | Noticed Terence
  1237 | D:2      | Killed Terence
  1357 | D:2      | Noticed Natasha
  1366 | D:2      | Killed Natasha
  1366 | D:2      | Reached XP level 5. HP: 28/42 MP: 5/5
  1695 | D:2      | Found a faded altar to an unknown god.
  2078 | D:3      | Found a white marble altar of Elyvilon.
  2078 | D:3      | Found a glowing silver altar of Zin.
  2079 | D:3      | Found a glowing golden altar of the Shining One.
  2283 | D:3      | Found an ancient bone altar of Kikubaaqudgha.
  2734 | D:4      | Reached XP level 6. HP: 24/48 MP: 6/6
  2750 | D:4      | Reached skill level 5 in Shields
  2783 | D:4      | HP: 2/48 [orc wizard/magic dart (6)]
  2784 | D:4      | Killed from afar by an orc wizard

Skill      XL: |  1  2  3  4  5  6 |
---------------+-------------------+-----
Shields        | 4 5 |  5.0
Dodging        | 1 2 |  2.5
Armour         | 4 |  4.3
Fighting       | 4 |  4.1
Long Blades    | |  2.9
Stealth        | |  0.3

Action                   |  1- 3 |  4- 6 || total
-------------------------+-------+-------++-------
Melee: Long sword        |   102 |   179 ||   281
 Abil: Dig               |       |     1 ||     1
  Use: Potion            |       |     1 ||     1
  Eat: Bread ration      |       |     2 ||     2
Armor: Scale mail        |    45 |   106 ||   151
Dodge: Dodged            |    35 |    95 ||   130
Block: Shield            |    69 |   140 ||   209
